[ AOE2 MATCH · #474621617 ]
UnrankedSaracens vs Khmer
[ REPLAY ANALYSIS · EXTRACTED FROM THE RECORDED GAME ]
Feudal
—
Castle
—
Imperial
—
| APM avg | 46.1 |
| APM peak | 125 |
| eAPM avg | 29.1 |
| Villagers / military | 429 / 2858 |
Focus
⚔️ 67.2% · 🌾 32.8%
Mameluke ×2119 · Mangonel ×670 · Trade Cart ×320 · Bombard Cannon ×54 · Trebuchet (Packed) ×10 · Spearman ×5
Feudal
—
Castle
—
Imperial
—
| APM avg | 37.9 |
| APM peak | 96 |
| eAPM avg | 34.2 |
| Villagers / military | 378 / 3465 |
Focus
⚔️ 57.9% · 🌾 42.1%
Battle Elephant ×1455 · Ballista Elephant ×1380 · Scorpion ×395 · Scout Cavalry ×145 · Trade Cart ×140 · Battering Ram ×65
Feudal
—
Castle
—
Imperial
—
| APM avg | 36.1 |
| APM peak | 153 |
| eAPM avg | 33.1 |
| Villagers / military | 375 / 5511 |
Focus
⚔️ 79.1% · 🌾 20.9%
Militia ×2506 · Centurion ×1819 · Scorpion ×765 · Mangonel ×226 · Battering Ram ×180 · Trade Cart ×105
Feudal
—
Castle
—
Imperial
—
| APM avg | 39.2 |
| APM peak | 100 |
| eAPM avg | 26.9 |
| Villagers / military | 268 / 2651 |
Focus
⚔️ 58.0% · 🌾 42.0%
Camel Scout ×1268 · Mameluke ×1124 · Mangonel ×151 · Trade Cart ×134 · Battering Ram ×97 · Trebuchet (Packed) ×8
Feudal
—
Castle
—
Imperial
—
| APM avg | 42.5 |
| APM peak | 173 |
| eAPM avg | 41.7 |
| Villagers / military | 136 / 2436 |
Focus
⚔️ 84.5% · 🌾 15.5%
Ballista Elephant ×1537 · Battle Elephant ×616 · Scout Cavalry ×281 · Trade Cart ×93 · Monk ×2
Feudal
—
Castle
—
Imperial
—
| APM avg | 21.4 |
| APM peak | 60 |
| eAPM avg | 19.8 |
| Villagers / military | 432 / 3040 |
Focus
⚔️ 65.7% · 🌾 34.3%
Camel Scout ×1026 · War Elephant ×704 · Hand Cannoneer ×465 · Spearman ×462 · Militia ×232 · Trade Cart ×160
Feudal
—
Castle
—
Imperial
—
| APM avg | 37.9 |
| APM peak | 147 |
| eAPM avg | 30.2 |
| Villagers / military | 304 / 3804 |
Focus
⚔️ 70.7% · 🌾 29.3%
Boyar ×1246 · Mangonel ×813 · Militia ×760 · Spearman ×640 · Scorpion ×330 · Trade Cart ×155
Feudal
—
Castle
—
Imperial
—
| APM avg | 42.9 |
| APM peak | 123 |
| eAPM avg | 32.3 |
| Villagers / military | 287 / 3057 |
Focus
⚔️ 59.7% · 🌾 40.3%
Spearman ×2701 · Bombard Cannon ×254 · Trade Cart ×231 · Mangonel ×92 · Militia ×10
Match map
Initial resources + every placement click. Lines = walls · curves = elevation contours. ◆ gold · ⬟ stone · ● berries · ✦ relic · ◌ wall gap
Your base· ✓ Map-separated
muendo's base· ✓ Map-separated
king vitt's base· ✓ Map-separated
Sunshine's base· ✓ Map-separated
RangerDanger's base· ✓ Map-separated
CrazyPanda's base· ✓ Map-separated
ARCH_l3's base· ✓ Map-separated
apoazz's base· ✓ Map-separated
Smoothed initial terrain · ◌ = detected wall gap · hover for details
Inputs per minute
— kızılelma - - muendo
Build order — kızılelma
First 150 of 1144 actions detected
| 0:06 | Create | Villager (Male) ×5 |
| 0:06 | Create | Villager (Male) ×5 |
| 0:07 | Create | Villager (Male) ×5 |
| 0:16 | Build | Town Center |
| 0:35 | Build | Town Center |
| 0:36 | Build | Town Center |
| 0:38 | Build | Town Center |
| 0:40 | Build | Town Center |
| 0:42 | Build | Town Center |
| 0:43 | Build | Town Center |
| 0:44 | Build | Town Center |
| 0:45 | Build | Town Center |
| 0:47 | Build | Town Center |
| 0:49 | Build | Town Center |
| 1:01 | Build | Town Center |
| 1:02 | Build | Town Center |
| 1:03 | Build | Town Center |
| 1:03 | Build | Town Center |
| 1:08 | Create | Villager (Male) ×5 |
| 1:08 | Create | Villager (Male) ×5 |
| 1:08 | Create | Villager (Male) ×5 |
| 1:09 | Create | Villager (Male) ×2 |
| 1:17 | Build | Market |
| 1:17 | Build | Market |
| 1:18 | Build | Market |
| 1:19 | Build | Market |
| 1:20 | Build | Market |
| 1:21 | Build | Market |
| 1:21 | Build | Market |
| 1:22 | Build | Market |
| 1:22 | Build | Market |
| 1:23 | Build | Market |
| 1:24 | Build | Market |
| 1:27 | Build | Market |
| 1:27 | Build | Market |
| 1:28 | Build | Market |
| 1:29 | Build | Market |
| 1:30 | Build | Market |
| 1:37 | Build | House |
| 1:38 | Build | House |
| 1:38 | Build | House |
| 1:39 | Build | House |
| 1:39 | Build | House |
| 1:39 | Build | House |
| 1:40 | Build | House |
| 1:40 | Build | House |
| 1:40 | Build | House |
| 1:41 | Build | House |
| 1:42 | Build | House |
| 1:43 | Build | House |
| 1:43 | Build | House |
| 1:44 | Build | House |
| 1:47 | Create | Villager (Male) |
| 1:57 | Create | Villager (Male) ×5 |
| 1:57 | Create | Villager (Male) ×5 |
| 1:58 | Create | Villager (Male) ×5 |
| 2:05 | Create | Villager (Male) |
| 2:09 | Create | Villager (Male) |
| 2:09 | Create | Villager (Male) |
| 2:12 | Create | Villager (Male) |
| 2:12 | Create | Villager (Male) |
| 2:12 | Create | Villager (Male) |
| 2:12 | Create | Villager (Male) |
| 2:13 | Create | Villager (Male) |
| 2:13 | Create | Villager (Male) |
| 2:34 | Build | Market |
| 3:02 | Create | Villager (Male) ×5 |
| 3:03 | Create | Villager (Male) ×5 |
| 3:03 | Create | Villager (Male) ×5 |
| 3:04 | Create | Villager (Male) ×5 |
| 3:04 | Create | Villager (Male) ×5 |
| 3:04 | Create | Villager (Male) ×5 |
| 3:04 | Create | Villager (Male) |
| 3:08 | Create | Villager (Male) ×5 |
| 3:08 | Create | Villager (Male) ×5 |
| 3:08 | Create | Villager (Male) ×5 |
| 3:09 | Create | Villager (Male) ×5 |
| 3:09 | Create | Villager (Male) ×5 |
| 3:09 | Create | Villager (Male) ×5 |
| 3:10 | Create | Villager (Male) ×5 |
| 3:10 | Create | Villager (Male) ×2 |
| 3:19 | Create | Villager (Male) ×5 |
| 3:19 | Create | Villager (Male) ×5 |
| 3:20 | Create | Villager (Male) ×5 |
| 3:20 | Create | Villager (Male) ×5 |
| 3:37 | Build | House |
| 3:38 | Build | House |
| 3:39 | Build | House |
| 3:40 | Build | House |
| 3:42 | Build | House |
| 3:42 | Build | House |
| 3:44 | Build | House |
| 3:45 | Build | House |
| 3:47 | Build | House |
| 3:48 | Build | House |
| 3:50 | Build | House |
| 3:50 | Build | House |
| 3:52 | Build | House |
| 3:53 | Build | House |
| 3:56 | Build | House |
| 3:58 | Build | House |
| 4:00 | Build | House |
| 4:01 | Build | House |
| 4:02 | Build | House |
| 4:03 | Build | House |
| 4:04 | Build | House |
| 4:05 | Build | House |
| 4:07 | Build | House |
| 4:08 | Build | House |
| 4:18 | Build | House |
| 4:20 | Build | House |
| 4:21 | Build | House |
| 4:23 | Build | House |
| 4:29 | Build | Mining Camp |
| 4:48 | Create | Trade Cart ×5 |
| 4:48 | Create | Trade Cart ×5 |
| 4:48 | Create | Trade Cart ×5 |
| 4:49 | Create | Trade Cart ×5 |
| 4:49 | Create | Trade Cart ×5 |
| 4:49 | Create | Trade Cart ×5 |
| 4:50 | Create | Trade Cart ×5 |
| 4:50 | Create | Trade Cart ×5 |
| 4:50 | Create | Trade Cart ×5 |
| 4:50 | Create | Trade Cart ×5 |
| 4:50 | Create | Trade Cart ×5 |
| 4:51 | Create | Trade Cart ×5 |
| 4:51 | Create | Trade Cart ×5 |
| 4:51 | Create | Trade Cart ×5 |
| 4:52 | Create | Trade Cart ×5 |
| 4:52 | Create | Trade Cart ×5 |
| 4:52 | Create | Trade Cart ×5 |
| 4:53 | Create | Trade Cart ×5 |
| 4:53 | Create | Trade Cart ×5 |
| 4:53 | Create | Trade Cart ×5 |
| 4:53 | Create | Trade Cart ×5 |
| 4:54 | Create | Trade Cart ×5 |
| 4:54 | Create | Trade Cart ×5 |
| 4:55 | Create | Trade Cart ×5 |
| 4:55 | Create | Trade Cart ×5 |
| 4:55 | Create | Trade Cart ×5 |
| 4:56 | Create | Trade Cart ×5 |
| 5:13 | Build | Stone Wall |
| 5:23 | Build | Stone Wall |
| 5:26 | Build | Stone Wall |
| 5:30 | Build | Stone Wall |
| 5:45 | Build | Stone Wall |
| 5:48 | Create | Villager (Male) ×5 |
| 5:49 | Create | Villager (Male) ×5 |
| 5:49 | Create | Villager (Male) ×5 |
| 5:49 | Create | Villager (Male) ×5 |
Build order — muendo
First 150 of 1197 actions detected
| 0:06 | Create | Villager (Male) ×5 |
| 0:07 | Create | Villager (Male) ×5 |
| 0:07 | Create | Villager (Male) ×5 |
| 0:07 | Create | Villager (Male) ×5 |
| 0:08 | Create | Villager (Male) ×5 |
| 0:16 | Build | Town Center |
| 0:17 | Build | Town Center |
| 0:21 | Build | Town Center |
| 0:22 | Build | Town Center |
| 0:23 | Build | Town Center |
| 0:23 | Build | Town Center |
| 0:25 | Build | Town Center |
| 0:26 | Build | Town Center |
| 0:27 | Build | Town Center |
| 0:27 | Build | Town Center |
| 0:28 | Build | Town Center |
| 0:28 | Build | Town Center |
| 0:29 | Build | Town Center |
| 0:29 | Build | Town Center |
| 0:32 | Build | Town Center |
| 0:32 | Build | Town Center |
| 0:33 | Build | Town Center |
| 0:35 | Build | Town Center |
| 0:36 | Build | Town Center |
| 0:38 | Build | Town Center |
| 0:39 | Build | Town Center |
| 0:39 | Build | Town Center |
| 0:40 | Build | Town Center |
| 0:40 | Build | Town Center |
| 0:40 | Build | Town Center |
| 0:41 | Build | Town Center |
| 0:43 | Build | Town Center |
| 0:48 | Build | Town Center |
| 0:59 | Create | Villager (Male) ×5 |
| 0:59 | Create | Villager (Male) ×5 |
| 0:59 | Create | Villager (Male) ×5 |
| 0:59 | Create | Villager (Male) ×5 |
| 1:00 | Create | Villager (Male) ×5 |
| 1:00 | Create | Villager (Male) ×5 |
| 1:00 | Create | Villager (Male) ×2 |
| 1:01 | Create | Villager (Male) ×2 |
| 1:16 | Build | Market |
| 1:20 | Build | Market |
| 1:20 | Build | Market |
| 1:22 | Build | Market |
| 1:22 | Build | Market |
| 1:23 | Build | Market |
| 1:24 | Build | Market |
| 1:24 | Build | Market |
| 1:25 | Build | Market |
| 1:26 | Build | Market |
| 1:28 | Build | Market |
| 1:28 | Build | Market |
| 1:29 | Build | Market |
| 1:30 | Build | Market |
| 1:32 | Build | Market |
| 1:32 | Build | Market |
| 1:33 | Build | Market |
| 1:33 | Build | Market |
| 1:34 | Build | Market |
| 1:35 | Build | Market |
| 1:44 | Create | Villager (Male) ×5 |
| 1:45 | Create | Villager (Male) ×5 |
| 1:45 | Create | Villager (Male) ×5 |
| 1:45 | Create | Villager (Male) ×5 |
| 1:45 | Create | Villager (Male) ×3 |
| 1:46 | Create | Villager (Male) |
| 1:57 | Build | House |
| 1:58 | Build | House |
| 1:59 | Build | House |
| 2:00 | Build | House |
| 2:00 | Build | House |
| 2:01 | Build | House |
| 2:02 | Build | House |
| 2:02 | Build | House |
| 2:03 | Build | House |
| 2:03 | Build | House |
| 2:04 | Build | House |
| 2:04 | Build | House |
| 2:07 | Build | House |
| 2:07 | Build | House |
| 2:07 | Build | House |
| 2:08 | Build | House |
| 2:08 | Build | House |
| 2:09 | Build | House |
| 2:09 | Build | House |
| 2:10 | Build | House |
| 2:10 | Build | House |
| 2:10 | Build | House |
| 2:11 | Build | House |
| 2:12 | Build | House |
| 2:12 | Build | House |
| 2:13 | Build | House |
| 2:15 | Build | House |
| 2:15 | Build | House |
| 2:16 | Build | House |
| 2:16 | Build | House |
| 2:16 | Build | House |
| 2:17 | Build | House |
| 2:17 | Build | House |
| 2:18 | Build | House |
| 2:18 | Build | House |
| 2:18 | Build | House |
| 2:19 | Build | House |
| 2:19 | Build | House |
| 2:20 | Build | House |
| 2:21 | Build | House |
| 2:21 | Build | House |
| 2:22 | Build | House |
| 2:22 | Build | House |
| 2:23 | Build | House |
| 2:23 | Build | House |
| 2:31 | Build | House |
| 2:31 | Build | House |
| 2:31 | Build | House |
| 2:32 | Build | House |
| 2:32 | Build | House |
| 2:33 | Build | House |
| 2:33 | Build | House |
| 2:34 | Build | House |
| 2:34 | Build | House |
| 2:34 | Build | House |
| 2:36 | Build | House |
| 2:36 | Build | House |
| 2:37 | Build | House |
| 2:38 | Build | House |
| 2:38 | Build | House |
| 2:38 | Build | House |
| 2:39 | Build | House |
| 2:46 | Build | House |
| 2:46 | Build | House |
| 2:46 | Build | House |
| 2:47 | Build | House |
| 2:47 | Build | House |
| 2:48 | Build | House |
| 2:48 | Build | House |
| 2:48 | Build | House |
| 2:50 | Build | House |
| 2:51 | Build | House |
| 2:51 | Build | House |
| 2:54 | Build | House |
| 2:54 | Build | House |
| 2:55 | Build | House |
| 2:56 | Build | House |
| 2:57 | Build | House |
| 3:04 | Create | Villager (Male) ×5 |
| 3:04 | Create | Villager (Male) ×5 |
| 3:05 | Create | Villager (Male) ×5 |
| 3:05 | Create | Villager (Male) ×5 |
| 3:05 | Create | Villager (Male) ×5 |
Build order — king vitt
First 150 of 1613 actions detected
| 0:04 | Create | Villager (Male) ×5 |
| 0:05 | Create | Villager (Male) ×5 |
| 0:05 | Create | Villager (Male) ×5 |
| 0:05 | Create | Villager (Male) ×5 |
| 0:18 | Build | Town Center |
| 0:18 | Build | Town Center |
| 0:18 | Build | Town Center |
| 0:19 | Build | Town Center |
| 0:19 | Build | Town Center |
| 0:20 | Build | Town Center |
| 0:20 | Build | Town Center |
| 0:21 | Build | Town Center |
| 0:22 | Build | Town Center |
| 0:22 | Build | Town Center |
| 0:22 | Build | Town Center |
| 0:22 | Build | Town Center |
| 0:23 | Build | Town Center |
| 0:23 | Build | Town Center |
| 0:24 | Build | Town Center |
| 0:25 | Build | Town Center |
| 0:26 | Build | Town Center |
| 0:26 | Build | Town Center |
| 0:27 | Build | Town Center |
| 0:27 | Build | Town Center |
| 0:28 | Build | Town Center |
| 0:28 | Build | Town Center |
| 0:29 | Build | Town Center |
| 0:29 | Build | Town Center |
| 0:31 | Build | Town Center |
| 0:31 | Build | Town Center |
| 0:33 | Build | Town Center |
| 0:33 | Build | Town Center |
| 0:33 | Build | Town Center |
| 0:34 | Build | Town Center |
| 0:34 | Build | Town Center |
| 0:35 | Build | Town Center |
| 0:35 | Build | Town Center |
| 0:35 | Build | Town Center |
| 0:36 | Build | Town Center |
| 0:37 | Build | Town Center |
| 0:38 | Build | Town Center |
| 0:38 | Build | Town Center |
| 0:40 | Build | Town Center |
| 0:40 | Build | Town Center |
| 0:40 | Build | Town Center |
| 0:40 | Build | Town Center |
| 0:41 | Build | Town Center |
| 0:41 | Build | Town Center |
| 0:43 | Build | Town Center |
| 0:46 | Build | Town Center |
| 0:48 | Build | Town Center |
| 0:52 | Create | Villager (Male) ×5 |
| 0:53 | Create | Villager (Male) ×5 |
| 0:53 | Create | Villager (Male) ×5 |
| 0:53 | Create | Villager (Male) ×5 |
| 1:03 | Create | Villager (Male) ×5 |
| 1:03 | Create | Villager (Male) ×5 |
| 1:04 | Create | Villager (Male) ×5 |
| 1:04 | Create | Villager (Male) ×5 |
| 1:50 | Create | Villager (Male) ×5 |
| 1:50 | Create | Villager (Male) ×5 |
| 1:50 | Create | Villager (Male) ×5 |
| 1:51 | Create | Villager (Male) ×5 |
| 1:51 | Create | Villager (Male) ×5 |
| 1:51 | Create | Villager (Male) ×5 |
| 2:07 | Create | Villager (Male) ×5 |
| 2:08 | Create | Villager (Male) ×5 |
| 2:08 | Create | Villager (Male) ×5 |
| 2:08 | Create | Villager (Male) ×5 |
| 2:08 | Create | Villager (Male) ×5 |
| 2:09 | Create | Villager (Male) ×5 |
| 2:09 | Create | Villager (Male) ×5 |
| 2:09 | Create | Villager (Male) ×5 |
| 2:10 | Create | Villager (Male) ×5 |
| 2:20 | Create | Villager (Male) ×5 |
| 2:20 | Create | Villager (Male) ×5 |
| 2:20 | Create | Villager (Male) ×5 |
| 2:20 | Create | Villager (Male) ×5 |
| 2:21 | Create | Villager (Male) ×5 |
| 2:21 | Create | Villager (Male) ×5 |
| 2:42 | Create | Villager (Male) ×5 |
| 2:42 | Create | Villager (Male) ×5 |
| 2:43 | Create | Villager (Male) ×5 |
| 2:43 | Create | Villager (Male) ×5 |
| 2:43 | Create | Villager (Male) ×5 |
| 2:44 | Create | Villager (Male) ×5 |
| 2:44 | Create | Villager (Male) ×5 |
| 2:44 | Create | Villager (Male) ×5 |
| 2:44 | Create | Villager (Male) ×5 |
| 2:45 | Create | Villager (Male) ×5 |
| 2:45 | Create | Villager (Male) ×5 |
| 2:51 | Build | Lumber Camp |
| 3:02 | Build | House |
| 3:02 | Build | House |
| 3:03 | Build | House |
| 3:04 | Build | House |
| 3:04 | Build | House |
| 3:04 | Build | House |
| 3:05 | Build | House |
| 3:05 | Build | House |
| 3:05 | Build | House |
| 3:05 | Build | House |
| 3:06 | Build | House |
| 3:06 | Build | House |
| 3:07 | Build | House |
| 3:07 | Build | House |
| 3:08 | Build | House |
| 3:08 | Build | House |
| 3:08 | Build | House |
| 3:09 | Build | House |
| 3:09 | Build | House |
| 3:09 | Build | House |
| 3:09 | Build | House |
| 3:10 | Build | House |
| 3:10 | Build | House |
| 3:11 | Build | House |
| 3:11 | Build | House |
| 3:12 | Build | House |
| 3:12 | Build | House |
| 3:12 | Build | House |
| 3:13 | Build | House |
| 3:13 | Build | House |
| 3:13 | Build | House |
| 3:14 | Build | House |
| 3:14 | Build | House |
| 3:14 | Build | House |
| 3:15 | Build | House |
| 3:15 | Build | House |
| 3:15 | Build | House |
| 3:16 | Build | House |
| 3:16 | Build | House |
| 3:16 | Build | House |
| 3:17 | Build | House |
| 3:17 | Build | House |
| 3:17 | Build | House |
| 3:21 | Create | Villager (Male) ×5 |
| 3:21 | Create | Villager (Male) ×5 |
| 3:21 | Create | Villager (Male) ×5 |
| 3:22 | Create | Villager (Male) ×5 |
| 3:22 | Create | Villager (Male) ×5 |
| 3:22 | Create | Villager (Male) ×5 |
| 3:22 | Create | Villager (Male) ×5 |
| 3:29 | Build | Lumber Camp |
| 3:39 | Build | House |
| 3:39 | Build | House |
| 3:40 | Build | House |
| 3:40 | Build | House |
| 3:40 | Build | House |
| 3:41 | Build | House |
| 3:41 | Build | House |
Build order — Sunshine
First 150 of 1382 actions detected
| 0:02 | Create | Villager (Male) |
| 0:02 | Create | Villager (Male) |
| 0:05 | Build | Town Center |
| 0:07 | Build | Town Center |
| 0:09 | Build | Town Center |
| 0:11 | Build | Town Center |
| 0:13 | Build | Town Center |
| 0:15 | Create | Villager (Male) ×5 |
| 0:16 | Create | Villager (Male) ×5 |
| 0:16 | Create | Villager (Male) ×5 |
| 0:19 | Build | House |
| 0:20 | Build | House |
| 0:20 | Build | House |
| 0:21 | Build | House |
| 0:21 | Build | House |
| 0:22 | Build | House |
| 0:22 | Build | House |
| 0:22 | Build | House |
| 0:22 | Build | House |
| 0:23 | Build | House |
| 0:27 | Build | House |
| 0:27 | Build | House |
| 0:27 | Build | House |
| 0:28 | Build | House |
| 0:28 | Build | House |
| 0:28 | Build | House |
| 0:30 | Create | Villager (Male) ×5 |
| 0:30 | Create | Villager (Male) |
| 0:30 | Create | Villager (Male) ×5 |
| 0:31 | Create | Villager (Male) ×5 |
| 0:37 | Build | Market |
| 0:46 | Build | Market |
| 0:47 | Build | Market |
| 0:48 | Build | Market |
| 0:49 | Build | Market |
| 0:49 | Build | Market |
| 0:50 | Build | Market |
| 0:51 | Build | Market |
| 0:51 | Build | Market |
| 0:52 | Build | Market |
| 0:53 | Build | Market |
| 0:54 | Build | Market |
| 0:57 | Build | Market |
| 1:01 | Build | Market |
| 1:08 | Create | Villager (Male) ×5 |
| 1:09 | Create | Villager (Male) ×5 |
| 1:09 | Create | Villager (Male) ×5 |
| 1:14 | Build | Town Center |
| 1:15 | Build | Town Center |
| 1:16 | Build | Town Center |
| 1:16 | Build | Town Center |
| 1:20 | Build | Town Center |
| 1:21 | Build | Town Center |
| 1:23 | Build | Town Center |
| 1:25 | Build | Town Center |
| 1:29 | Create | Villager (Male) ×5 |
| 1:29 | Create | Villager (Male) ×5 |
| 1:29 | Create | Villager (Male) ×5 |
| 1:30 | Create | Villager (Male) ×5 |
| 1:30 | Create | Villager (Male) ×4 |
| 1:39 | Build | House |
| 1:39 | Build | House |
| 1:40 | Build | House |
| 1:40 | Build | House |
| 1:40 | Build | House |
| 1:40 | Build | House |
| 1:41 | Build | House |
| 1:41 | Build | House |
| 1:42 | Build | House |
| 1:42 | Build | House |
| 1:42 | Build | House |
| 1:43 | Build | House |
| 1:43 | Build | House |
| 1:43 | Build | House |
| 1:43 | Build | House |
| 1:44 | Build | House |
| 1:44 | Build | House |
| 1:44 | Build | House |
| 1:44 | Build | House |
| 1:45 | Build | House |
| 1:45 | Build | House |
| 1:46 | Build | House |
| 1:46 | Build | House |
| 2:01 | Build | Mining Camp |
| 2:03 | Create | Villager (Male) ×5 |
| 2:03 | Create | Villager (Male) ×5 |
| 2:03 | Create | Villager (Male) ×5 |
| 2:04 | Create | Villager (Male) ×5 |
| 2:04 | Create | Villager (Male) ×5 |
| 2:17 | Create | Trade Cart ×5 |
| 2:17 | Create | Trade Cart ×5 |
| 2:17 | Create | Trade Cart ×5 |
| 2:18 | Create | Trade Cart ×5 |
| 2:18 | Create | Trade Cart ×5 |
| 2:18 | Create | Trade Cart ×5 |
| 2:18 | Create | Trade Cart ×5 |
| 2:19 | Create | Trade Cart ×5 |
| 2:19 | Create | Trade Cart ×5 |
| 2:19 | Create | Trade Cart ×5 |
| 2:24 | Create | Villager (Male) ×5 |
| 2:24 | Create | Villager (Male) ×5 |
| 2:25 | Create | Villager (Male) ×5 |
| 2:25 | Create | Villager (Male) ×5 |
| 2:25 | Create | Villager (Male) ×4 |
| 3:07 | Build | Stone Wall |
| 3:15 | Build | Stone Wall |
| 3:18 | Build | Stone Wall |
| 3:24 | Build | Stone Wall |
| 3:37 | Build | Farm |
| 3:47 | Create | Villager (Male) ×5 |
| 3:47 | Create | Villager (Male) ×5 |
| 3:47 | Create | Villager (Male) ×5 |
| 3:48 | Create | Villager (Male) ×5 |
| 3:50 | Create | Villager (Male) ×5 |
| 3:51 | Create | Villager (Male) ×5 |
| 3:51 | Create | Villager (Male) ×5 |
| 3:51 | Create | Villager (Male) ×5 |
| 3:52 | Create | Villager (Male) ×5 |
| 3:52 | Create | Villager (Male) ×5 |
| 3:52 | Create | Villager (Male) ×5 |
| 3:53 | Create | Villager (Male) ×5 |
| 3:53 | Create | Villager (Male) ×5 |
| 4:21 | Create | Trade Cart |
| 4:21 | Create | Trade Cart |
| 4:21 | Create | Trade Cart |
| 4:22 | Create | Trade Cart |
| 4:22 | Create | Trade Cart ×5 |
| 4:23 | Create | Trade Cart ×5 |
| 4:23 | Create | Trade Cart ×5 |
| 4:23 | Create | Trade Cart ×5 |
| 4:23 | Create | Trade Cart ×5 |
| 4:24 | Create | Trade Cart ×5 |
| 4:24 | Create | Trade Cart ×5 |
| 4:25 | Create | Trade Cart ×5 |
| 4:25 | Create | Trade Cart ×5 |
| 4:39 | Build | Lumber Camp |
| 4:42 | Build | Lumber Camp |
| 4:51 | Build | Lumber Camp |
| 5:04 | Build | House |
| 5:04 | Build | House |
| 5:04 | Build | House |
| 5:05 | Build | House |
| 5:05 | Build | House |
| 5:06 | Build | House |
| 5:07 | Build | House |
| 5:07 | Build | House |
| 5:08 | Build | House |
| 5:08 | Build | House |
| 5:08 | Build | House |
| 5:08 | Build | House |
Build order — RangerDanger
First 150 of 2883 actions detected
| 0:12 | Build | Town Center |
| 0:23 | Build | Monastery |
| 0:30 | Build | Town Center |
| 0:37 | Build | Town Center |
| 0:46 | Build | Town Center |
| 0:51 | Build | Town Center |
| 0:58 | Build | Town Center |
| 0:59 | Create | Monk |
| 1:00 | Create | Monk |
| 1:18 | Build | Town Center |
| 1:28 | Build | Market |
| 1:32 | Build | Market |
| 1:38 | Build | Market |
| 1:52 | Create | Villager (Male) |
| 1:52 | Create | Villager (Male) |
| 1:53 | Create | Villager (Male) |
| 1:53 | Create | Villager (Male) |
| 1:54 | Create | Villager (Male) |
| 1:54 | Create | Villager (Male) |
| 1:54 | Create | Villager (Male) |
| 1:54 | Create | Villager (Male) |
| 1:55 | Create | Villager (Male) |
| 1:55 | Create | Villager (Male) |
| 1:55 | Create | Villager (Male) |
| 1:55 | Create | Villager (Male) |
| 1:55 | Create | Villager (Male) |
| 1:56 | Create | Villager (Male) |
| 1:56 | Create | Villager (Male) |
| 1:56 | Create | Villager (Male) |
| 2:43 | Create | Villager (Male) |
| 2:43 | Create | Villager (Male) |
| 2:44 | Create | Villager (Male) |
| 2:44 | Create | Villager (Male) |
| 2:44 | Create | Villager (Male) |
| 2:44 | Create | Villager (Male) |
| 2:45 | Create | Villager (Male) |
| 2:45 | Create | Villager (Male) |
| 2:45 | Create | Villager (Male) |
| 2:45 | Create | Villager (Male) |
| 2:46 | Create | Villager (Male) |
| 2:46 | Create | Villager (Male) |
| 2:46 | Create | Villager (Male) |
| 2:46 | Create | Villager (Male) |
| 2:47 | Create | Villager (Male) |
| 2:47 | Create | Villager (Male) |
| 2:47 | Create | Villager (Male) |
| 3:01 | Create | Villager (Male) |
| 3:01 | Create | Villager (Male) |
| 3:02 | Create | Villager (Male) |
| 3:02 | Create | Villager (Male) |
| 3:02 | Create | Villager (Male) |
| 3:02 | Create | Villager (Male) |
| 3:03 | Create | Villager (Male) |
| 3:03 | Create | Villager (Male) |
| 3:03 | Create | Villager (Male) |
| 3:03 | Create | Villager (Male) |
| 3:04 | Create | Villager (Male) |
| 3:04 | Create | Villager (Male) |
| 3:04 | Create | Villager (Male) |
| 3:04 | Create | Villager (Male) |
| 3:05 | Create | Villager (Male) |
| 3:05 | Create | Villager (Male) |
| 3:12 | Create | Villager (Male) |
| 3:12 | Create | Villager (Male) |
| 3:13 | Create | Villager (Male) |
| 3:13 | Create | Villager (Male) |
| 3:13 | Create | Villager (Male) |
| 3:14 | Create | Villager (Male) |
| 3:14 | Create | Villager (Male) |
| 3:14 | Create | Villager (Male) |
| 3:14 | Create | Villager (Male) |
| 3:14 | Create | Villager (Male) |
| 3:15 | Create | Villager (Male) |
| 3:15 | Create | Villager (Male) |
| 3:15 | Create | Villager (Male) |
| 3:15 | Create | Villager (Male) |
| 3:16 | Create | Villager (Male) |
| 3:16 | Create | Villager (Male) |
| 3:20 | Create | Villager (Male) |
| 3:20 | Create | Villager (Male) |
| 3:21 | Create | Villager (Male) |
| 3:21 | Create | Villager (Male) |
| 3:21 | Create | Villager (Male) |
| 3:22 | Create | Villager (Male) |
| 3:22 | Create | Villager (Male) |
| 3:22 | Create | Villager (Male) |
| 3:22 | Create | Villager (Male) |
| 3:23 | Create | Villager (Male) |
| 3:23 | Create | Villager (Male) |
| 3:23 | Create | Villager (Male) |
| 3:23 | Create | Villager (Male) |
| 3:24 | Create | Villager (Male) |
| 3:24 | Create | Villager (Male) |
| 3:24 | Create | Villager (Male) |
| 3:35 | Create | Villager (Male) |
| 3:35 | Create | Villager (Male) |
| 3:35 | Create | Villager (Male) |
| 3:36 | Create | Villager (Male) |
| 3:36 | Create | Villager (Male) |
| 3:36 | Create | Villager (Male) |
| 3:36 | Create | Villager (Male) |
| 3:37 | Create | Villager (Male) |
| 3:37 | Create | Villager (Male) |
| 3:37 | Create | Villager (Male) |
| 3:37 | Create | Villager (Male) |
| 3:38 | Create | Villager (Male) |
| 3:38 | Create | Villager (Male) |
| 3:38 | Create | Villager (Male) |
| 4:28 | Create | Villager (Male) |
| 4:28 | Create | Villager (Male) |
| 4:29 | Create | Villager (Male) |
| 4:29 | Create | Villager (Male) |
| 4:34 | Create | Villager (Male) |
| 4:35 | Create | Villager (Male) |
| 4:35 | Create | Villager (Male) |
| 4:35 | Create | Villager (Male) |
| 4:49 | Create | Villager (Male) |
| 4:49 | Create | Villager (Male) |
| 4:49 | Create | Villager (Male) |
| 4:50 | Create | Villager (Male) |
| 4:50 | Create | Villager (Male) |
| 4:50 | Create | Villager (Male) |
| 4:51 | Create | Villager (Male) |
| 4:51 | Create | Villager (Male) |
| 4:51 | Create | Villager (Male) |
| 4:51 | Create | Villager (Male) |
| 4:52 | Create | Villager (Male) |
| 4:52 | Create | Villager (Male) |
| 4:52 | Create | Villager (Male) |
| 4:52 | Create | Villager (Male) |
| 4:52 | Create | Villager (Male) |
| 4:53 | Create | Villager (Male) |
| 5:13 | Build | House |
| 5:15 | Build | House |
| 5:16 | Build | House |
| 5:18 | Build | House |
| 5:19 | Build | House |
| 5:20 | Build | House |
| 5:21 | Build | House |
| 5:22 | Build | House |
| 5:23 | Build | House |
| 5:24 | Build | House |
| 5:26 | Build | House |
| 5:27 | Build | House |
| 5:28 | Build | House |
| 5:29 | Build | House |
| 5:30 | Build | House |
| 5:32 | Build | House |
| 6:03 | Build | Stable |
| 6:07 | Build | Stable |
Build order — CrazyPanda
First 150 of 1081 actions detected
| 0:08 | Create | Villager (Male) ×5 |
| 0:08 | Create | Villager (Male) ×5 |
| 0:08 | Create | Villager (Male) ×5 |
| 0:26 | Build | Town Center |
| 0:30 | Build | Town Center |
| 0:58 | Build | Market |
| 1:01 | Build | Market |
| 1:08 | Build | Town Center |
| 1:24 | Build | Town Center |
| 1:38 | Build | Town Center |
| 2:09 | Build | Stone Wall |
| 2:30 | Build | House |
| 2:32 | Build | House |
| 2:34 | Build | House |
| 2:36 | Build | House |
| 2:39 | Build | House |
| 2:41 | Build | House |
| 2:42 | Build | House |
| 2:44 | Build | House |
| 2:53 | Create | Villager (Male) ×5 |
| 2:53 | Create | Villager (Male) ×5 |
| 2:53 | Create | Villager (Male) ×5 |
| 2:54 | Create | Villager (Male) ×5 |
| 2:54 | Create | Villager (Male) ×5 |
| 3:12 | Build | Market |
| 3:15 | Build | Market |
| 3:19 | Build | Market |
| 3:23 | Build | Market |
| 3:39 | Build | Mining Camp |
| 3:57 | Build | Mining Camp |
| 4:07 | Build | Gate |
| 4:15 | Create | Villager (Male) ×5 |
| 4:16 | Create | Villager (Male) ×5 |
| 4:16 | Create | Villager (Male) ×5 |
| 4:24 | Create | Villager (Male) ×5 |
| 4:24 | Create | Villager (Male) ×5 |
| 4:25 | Create | Villager (Male) ×5 |
| 4:25 | Create | Villager (Male) ×5 |
| 4:40 | Create | Villager (Male) ×5 |
| 4:41 | Create | Villager (Male) ×5 |
| 4:41 | Create | Villager (Male) ×5 |
| 4:41 | Create | Villager (Male) ×5 |
| 4:57 | Create | Trade Cart ×5 |
| 4:58 | Create | Trade Cart ×5 |
| 4:58 | Create | Trade Cart ×5 |
| 4:58 | Create | Trade Cart ×5 |
| 4:59 | Create | Trade Cart ×5 |
| 5:19 | Build | House |
| 5:21 | Build | House |
| 5:25 | Build | House |
| 5:28 | Build | House |
| 5:34 | Build | House |
| 5:36 | Build | House |
| 5:38 | Build | House |
| 5:40 | Build | House |
| 6:10 | Build | Gate |
| 6:12 | Build | Gate |
| 6:20 | Build | Castle |
| 6:22 | Build | Castle |
| 6:26 | Build | Castle |
| 6:30 | Build | Castle |
| 6:35 | Build | Castle |
| 6:37 | Build | Castle |
| 6:47 | Create | Villager (Male) ×5 |
| 6:47 | Create | Villager (Male) ×5 |
| 6:48 | Create | Villager (Male) ×5 |
| 6:48 | Create | Villager (Male) ×5 |
| 6:53 | Create | Villager (Male) ×5 |
| 6:53 | Create | Villager (Male) ×5 |
| 6:53 | Create | Villager (Male) ×5 |
| 6:53 | Create | Villager (Male) |
| 6:54 | Create | Villager (Male) |
| 7:08 | Build | Town Center |
| 7:13 | Build | Town Center |
| 7:22 | Create | Villager (Male) ×5 |
| 7:23 | Create | Villager (Male) ×5 |
| 7:23 | Create | Villager (Male) ×3 |
| 7:23 | Create | Villager (Male) ×3 |
| 7:45 | Create | Trade Cart ×5 |
| 7:45 | Create | Trade Cart ×5 |
| 7:46 | Create | Trade Cart ×5 |
| 7:46 | Create | Trade Cart ×5 |
| 7:46 | Create | Trade Cart ×5 |
| 8:04 | Build | House |
| 8:06 | Build | House |
| 8:07 | Build | House |
| 8:09 | Build | House |
| 8:12 | Build | House |
| 8:13 | Build | House |
| 8:26 | Create | Villager (Male) ×5 |
| 8:27 | Create | Villager (Male) ×5 |
| 8:27 | Create | Villager (Male) ×5 |
| 8:27 | Create | Villager (Male) ×5 |
| 8:44 | Build | Lumber Camp |
| 9:06 | Build | Mining Camp |
| 9:14 | Create | Villager (Male) ×5 |
| 9:14 | Create | Villager (Male) ×5 |
| 9:14 | Create | Villager (Male) ×2 |
| 9:15 | Create | Villager (Male) ×2 |
| 9:34 | Build | House |
| 9:36 | Build | House |
| 9:37 | Build | House |
| 9:40 | Build | House |
| 9:43 | Build | House |
| 9:51 | Build | Monastery |
| 10:09 | Create | Villager (Male) ×5 |
| 10:09 | Create | Villager (Male) ×5 |
| 10:10 | Create | Villager (Male) ×5 |
| 10:10 | Create | Villager (Male) ×5 |
| 10:10 | Create | Villager (Male) ×5 |
| 10:20 | Create | War Elephant ×5 |
| 10:40 | Build | Barracks |
| 10:42 | Build | Barracks |
| 10:43 | Build | Barracks |
| 10:46 | Build | Barracks |
| 11:01 | Create | Villager (Male) ×5 |
| 11:01 | Create | Villager (Male) ×5 |
| 11:02 | Create | Villager (Male) ×5 |
| 11:02 | Create | Villager (Male) ×5 |
| 11:02 | Create | Villager (Male) ×5 |
| 11:11 | Create | Villager (Male) ×5 |
| 11:11 | Create | Villager (Male) ×5 |
| 11:11 | Create | Villager (Male) ×5 |
| 11:12 | Create | Villager (Male) ×5 |
| 11:19 | Create | Villager (Male) ×5 |
| 11:19 | Create | Villager (Male) ×5 |
| 11:20 | Create | Villager (Male) ×5 |
| 11:20 | Create | Villager (Male) ×5 |
| 11:20 | Create | Villager (Male) ×5 |
| 11:36 | Create | Villager (Male) ×5 |
| 11:36 | Create | Villager (Male) ×5 |
| 11:36 | Create | Villager (Male) ×5 |
| 11:37 | Create | Villager (Male) ×5 |
| 11:37 | Create | Villager (Male) ×5 |
| 12:05 | Create | Monk |
| 12:21 | Build | Farm |
| 12:23 | Build | Farm |
| 12:25 | Build | Farm |
| 12:27 | Build | Farm |
| 12:30 | Build | Farm |
| 12:33 | Build | Farm |
| 12:36 | Build | Farm |
| 12:38 | Build | Farm |
| 12:41 | Build | Farm |
| 12:44 | Build | Farm |
| 12:47 | Build | Farm |
| 12:49 | Build | Farm |
| 12:51 | Build | Farm |
| 13:07 | Build | Farm |
| 13:09 | Build | Farm |
Build order — ARCH_l3
First 150 of 1146 actions detected
| 0:03 | Create | Villager (Male) ×5 |
| 0:03 | Create | Villager (Male) ×5 |
| 0:03 | Create | Villager (Male) ×5 |
| 0:04 | Create | Villager (Male) ×5 |
| 0:12 | Build | Town Center |
| 0:13 | Build | Town Center |
| 0:13 | Build | Town Center |
| 0:13 | Build | Town Center |
| 0:14 | Build | Town Center |
| 0:14 | Build | Town Center |
| 0:16 | Build | Town Center |
| 0:16 | Build | Town Center |
| 0:17 | Build | Town Center |
| 0:17 | Build | Town Center |
| 0:18 | Build | Town Center |
| 0:18 | Build | Town Center |
| 0:21 | Build | Town Center |
| 0:34 | Build | House |
| 0:34 | Build | House |
| 0:34 | Build | House |
| 0:35 | Build | House |
| 0:35 | Build | House |
| 0:35 | Build | House |
| 0:36 | Build | House |
| 0:36 | Build | House |
| 0:37 | Build | House |
| 0:37 | Build | House |
| 0:38 | Build | House |
| 0:40 | Build | House |
| 0:40 | Build | House |
| 0:41 | Build | House |
| 0:41 | Build | House |
| 0:42 | Build | House |
| 0:42 | Build | House |
| 0:42 | Build | House |
| 0:43 | Build | House |
| 1:00 | Build | House |
| 1:00 | Build | House |
| 1:01 | Build | House |
| 1:01 | Build | House |
| 1:02 | Build | House |
| 1:02 | Build | House |
| 1:02 | Build | House |
| 1:03 | Build | House |
| 1:03 | Build | House |
| 1:03 | Build | House |
| 1:04 | Build | House |
| 1:04 | Build | House |
| 1:04 | Build | House |
| 1:16 | Create | Villager (Male) ×5 |
| 1:17 | Create | Villager (Male) ×5 |
| 1:17 | Create | Villager (Male) ×5 |
| 1:20 | Create | Villager (Male) |
| 1:20 | Create | Villager (Male) ×5 |
| 1:21 | Create | Villager (Male) ×5 |
| 1:21 | Create | Villager (Male) ×5 |
| 1:36 | Create | Villager (Male) |
| 1:36 | Create | Villager (Male) ×5 |
| 1:36 | Create | Villager (Male) ×5 |
| 1:48 | Build | Market |
| 1:50 | Build | Market |
| 1:53 | Build | Market |
| 2:03 | Create | Villager (Male) ×5 |
| 2:03 | Create | Villager (Male) ×5 |
| 2:04 | Create | Villager (Male) ×5 |
| 2:16 | Build | Market |
| 2:17 | Build | Market |
| 2:17 | Build | Market |
| 2:17 | Build | Market |
| 2:18 | Build | Market |
| 2:18 | Build | Market |
| 2:20 | Build | Market |
| 2:21 | Build | Market |
| 2:21 | Build | Market |
| 2:22 | Build | Market |
| 2:22 | Build | Market |
| 2:23 | Build | Market |
| 2:32 | Create | Villager (Male) ×5 |
| 2:32 | Create | Villager (Male) ×5 |
| 2:33 | Create | Villager (Male) ×5 |
| 2:33 | Create | Villager (Male) ×5 |
| 2:33 | Create | Villager (Male) ×5 |
| 2:34 | Create | Villager (Male) ×5 |
| 2:34 | Create | Villager (Male) ×5 |
| 2:34 | Create | Villager (Male) ×5 |
| 2:34 | Create | Villager (Male) ×5 |
| 2:35 | Create | Villager (Male) ×5 |
| 2:35 | Create | Villager (Male) ×5 |
| 2:36 | Create | Villager (Male) ×5 |
| 2:36 | Create | Villager (Male) ×5 |
| 2:36 | Create | Villager (Male) ×5 |
| 2:37 | Create | Villager (Male) ×5 |
| 2:37 | Create | Villager (Male) ×5 |
| 2:37 | Create | Villager (Male) ×5 |
| 2:38 | Create | Villager (Male) ×5 |
| 2:38 | Create | Villager (Male) ×5 |
| 2:38 | Create | Villager (Male) ×5 |
| 2:40 | Create | Villager (Male) ×5 |
| 2:41 | Create | Villager (Male) ×5 |
| 2:41 | Create | Villager (Male) ×5 |
| 2:41 | Create | Villager (Male) ×5 |
| 3:11 | Build | House |
| 3:12 | Build | House |
| 3:12 | Build | House |
| 3:12 | Build | House |
| 3:13 | Build | House |
| 3:13 | Build | House |
| 3:13 | Build | House |
| 3:14 | Build | House |
| 3:14 | Build | House |
| 3:15 | Build | House |
| 3:15 | Build | House |
| 3:16 | Build | House |
| 3:16 | Build | House |
| 3:16 | Build | House |
| 3:17 | Build | House |
| 3:17 | Build | House |
| 3:17 | Build | House |
| 3:18 | Build | House |
| 3:18 | Build | House |
| 3:18 | Build | House |
| 3:32 | Create | Villager (Male) ×5 |
| 3:32 | Create | Villager (Male) ×5 |
| 3:32 | Create | Villager (Male) ×5 |
| 3:33 | Create | Villager (Male) ×5 |
| 3:33 | Create | Villager (Male) ×5 |
| 3:48 | Build | Lumber Camp |
| 4:05 | Create | Villager (Male) ×5 |
| 4:05 | Create | Villager (Male) ×5 |
| 4:05 | Create | Villager (Male) ×5 |
| 4:06 | Create | Villager (Male) ×5 |
| 4:06 | Create | Villager (Male) ×5 |
| 4:06 | Create | Villager (Male) ×5 |
| 4:07 | Create | Villager (Male) ×5 |
| 4:07 | Create | Villager (Male) ×5 |
| 4:07 | Create | Villager (Male) ×5 |
| 4:08 | Create | Villager (Male) |
| 4:08 | Create | Villager (Male) |
| 4:17 | Build | Lumber Camp |
| 4:18 | Build | Lumber Camp |
| 4:20 | Build | Lumber Camp |
| 4:22 | Build | Lumber Camp |
| 4:25 | Build | Lumber Camp |
| 4:29 | Build | Lumber Camp |
| 4:45 | Build | Mining Camp |
| 5:23 | Build | Lumber Camp |
| 5:24 | Build | Lumber Camp |
| 5:32 | Create | Villager (Male) ×5 |
| 5:32 | Create | Villager (Male) ×5 |
| 5:32 | Create | Villager (Male) ×5 |
Build order — apoazz
First 150 of 1031 actions detected
| 0:05 | Build | Town Center |
| 0:08 | Build | Town Center |
| 0:11 | Build | Town Center |
| 0:12 | Create | Villager (Male) ×5 |
| 0:12 | Create | Villager (Male) ×5 |
| 0:12 | Create | Villager (Male) ×5 |
| 0:20 | Build | Town Center |
| 0:26 | Build | Town Center |
| 0:31 | Build | Town Center |
| 0:36 | Build | Town Center |
| 0:39 | Create | Villager (Male) ×5 |
| 0:39 | Create | Villager (Male) ×5 |
| 0:39 | Create | Villager (Male) ×5 |
| 0:40 | Create | Villager (Male) ×5 |
| 0:58 | Create | Villager (Male) ×5 |
| 0:59 | Create | Villager (Male) ×5 |
| 0:59 | Create | Villager (Male) ×5 |
| 0:59 | Create | Villager (Male) ×5 |
| 0:59 | Create | Villager (Male) ×5 |
| 1:00 | Create | Villager (Male) ×5 |
| 1:03 | Build | Town Center |
| 1:05 | Build | Town Center |
| 1:09 | Build | Town Center |
| 1:13 | Build | Town Center |
| 1:18 | Build | Town Center |
| 1:20 | Build | Town Center |
| 1:25 | Create | Villager (Male) ×5 |
| 1:25 | Create | Villager (Male) ×5 |
| 1:25 | Create | Villager (Male) ×5 |
| 1:26 | Create | Villager (Male) ×5 |
| 1:26 | Create | Villager (Male) ×5 |
| 1:26 | Create | Villager (Male) ×5 |
| 1:26 | Create | Villager (Male) ×5 |
| 1:26 | Create | Villager (Male) |
| 1:27 | Create | Villager (Male) |
| 1:42 | Build | Town Center |
| 1:47 | Build | Town Center |
| 1:49 | Create | Villager (Male) ×5 |
| 1:49 | Create | Villager (Male) ×5 |
| 1:50 | Create | Villager (Male) ×5 |
| 1:50 | Create | Villager (Male) ×5 |
| 1:50 | Create | Villager (Male) ×5 |
| 1:50 | Create | Villager (Male) ×5 |
| 1:51 | Create | Villager (Male) ×5 |
| 1:51 | Create | Villager (Male) ×5 |
| 1:51 | Create | Villager (Male) ×5 |
| 1:59 | Build | Market |
| 2:00 | Build | Market |
| 2:09 | Build | Market |
| 2:11 | Build | Market |
| 2:12 | Build | Market |
| 2:15 | Build | Market |
| 2:16 | Build | Market |
| 2:17 | Build | Market |
| 2:18 | Build | Market |
| 2:25 | Create | Villager (Male) ×5 |
| 2:25 | Create | Villager (Male) ×5 |
| 2:25 | Create | Villager (Male) ×5 |
| 2:26 | Create | Villager (Male) ×5 |
| 2:26 | Create | Villager (Male) ×5 |
| 2:26 | Create | Villager (Male) ×5 |
| 2:26 | Create | Villager (Male) ×5 |
| 2:27 | Create | Villager (Male) ×5 |
| 2:27 | Create | Villager (Male) ×5 |
| 2:27 | Create | Villager (Male) ×5 |
| 2:27 | Create | Villager (Male) ×5 |
| 2:28 | Create | Villager (Male) ×5 |
| 2:56 | Build | Lumber Camp |
| 3:00 | Build | Lumber Camp |
| 3:05 | Create | Villager (Male) ×5 |
| 3:05 | Create | Villager (Male) ×5 |
| 3:06 | Create | Villager (Male) ×5 |
| 3:06 | Create | Villager (Male) ×5 |
| 3:25 | Build | House |
| 3:26 | Build | House |
| 3:28 | Build | House |
| 3:29 | Build | House |
| 3:30 | Build | House |
| 3:31 | Build | House |
| 3:32 | Build | House |
| 3:33 | Build | House |
| 3:35 | Build | House |
| 3:36 | Build | House |
| 3:37 | Build | House |
| 3:43 | Create | Trade Cart ×5 |
| 3:44 | Create | Trade Cart ×5 |
| 3:44 | Create | Trade Cart ×5 |
| 3:44 | Create | Trade Cart ×5 |
| 3:44 | Create | Trade Cart ×5 |
| 3:45 | Create | Trade Cart ×5 |
| 3:45 | Create | Trade Cart ×5 |
| 3:45 | Create | Trade Cart ×5 |
| 3:45 | Create | Trade Cart ×5 |
| 3:46 | Create | Trade Cart ×5 |
| 3:46 | Create | Trade Cart ×5 |
| 3:46 | Create | Trade Cart ×5 |
| 3:46 | Create | Trade Cart ×5 |
| 3:46 | Create | Trade Cart ×5 |
| 3:47 | Create | Trade Cart ×5 |
| 3:58 | Create | Villager (Male) ×5 |
| 3:58 | Create | Villager (Male) ×5 |
| 3:59 | Create | Villager (Male) ×5 |
| 3:59 | Create | Villager (Male) ×5 |
| 3:59 | Create | Villager (Male) ×5 |
| 4:09 | Build | Farm |
| 4:10 | Build | Farm |
| 4:11 | Build | Farm |
| 4:12 | Build | Farm |
| 4:13 | Build | Farm |
| 4:13 | Build | Farm |
| 4:14 | Build | Farm |
| 4:15 | Build | Farm |
| 4:16 | Build | Farm |
| 4:19 | Build | Farm |
| 4:24 | Build | Farm |
| 4:25 | Build | Farm |
| 4:25 | Build | Farm |
| 4:34 | Create | Villager (Male) ×5 |
| 4:34 | Create | Villager (Male) ×5 |
| 4:34 | Create | Villager (Male) ×5 |
| 4:34 | Create | Villager (Male) ×5 |
| 4:43 | Build | Castle |
| 4:46 | Build | Castle |
| 4:48 | Build | Castle |
| 4:54 | Build | Castle |
| 4:55 | Build | Castle |
| 4:57 | Build | Castle |
| 5:01 | Build | Castle |
| 5:06 | Create | Villager (Male) ×5 |
| 5:06 | Create | Villager (Male) ×5 |
| 5:07 | Create | Villager (Male) ×5 |
| 5:17 | Build | Farm |
| 5:17 | Build | Farm |
| 5:17 | Build | Farm |
| 5:29 | Build | House |
| 5:31 | Build | House |
| 5:32 | Build | House |
| 5:33 | Build | House |
| 5:37 | Build | House |
| 5:40 | Build | House |
| 5:42 | Build | House |
| 5:44 | Build | House |
| 5:48 | Build | House |
| 5:49 | Build | House |
| 5:54 | Build | Mining Camp |
| 5:57 | Create | Trade Cart ×5 |
| 5:57 | Create | Trade Cart ×5 |
| 5:57 | Create | Trade Cart ×5 |
| 5:58 | Create | Trade Cart ×5 |
| 5:58 | Create | Trade Cart ×5 |
Match timeline
| 0:23 | RangerDanger · first_building Monastery |
| 2:09 | CrazyPanda · wall_segment Stone Wall x67 |
| 3:07 | Sunshine · wall_segment Stone Wall x26 |
| 3:15 | Sunshine · wall_segment Stone Wall x25 |
| 3:18 | Sunshine · wall_segment Stone Wall x14 |
| 3:24 | Sunshine · wall_segment Stone Wall x10 |
| 4:17 | king vitt · first_building Castle |
| 4:34 | kızılelma · first_market_buy 500 stone |
| 4:43 | apoazz · first_building Castle |
| 5:13 | kızılelma · wall_segment Stone Wall x12 |
| 5:15 | Sunshine · first_market_buy 500 stone |
| 5:23 | kızılelma · wall_segment Stone Wall x14 |
| 5:26 | kızılelma · wall_segment Stone Wall x40 |
| 5:30 | kızılelma · wall_segment Stone Wall x9 |
| 5:45 | kızılelma · wall_segment Stone Wall x22 |
| 5:52 | Sunshine · wall_segment Stone Wall x47 |
| 6:01 | Sunshine · wall_segment Stone Wall x35 |
| 6:02 | ARCH_l3 · first_market_buy 100 wood |
| 6:03 | RangerDanger · first_building Stable |
| 6:20 | CrazyPanda · first_building Castle |
| 6:32 | ARCH_l3 · wall_segment Stone Wall x31 |
| 6:54 | kızılelma · first_building Castle |
| 6:59 | Sunshine · first_building Castle |
| 7:25 | RangerDanger · wall_segment Stone Wall x53 |
| 7:42 | RangerDanger · wall_segment Stone Wall x19 |
| 7:59 | apoazz · wall_segment Stone Wall x72 |
| 8:04 | RangerDanger · wall_segment Stone Wall x37 |
| 8:17 | ARCH_l3 · wall_segment Stone Wall x64 |
| 8:17 | apoazz · first_building Siege Workshop |
| 9:51 | CrazyPanda · first_building Monastery |
| 9:59 | ARCH_l3 · first_building Castle |
| 10:05 | apoazz · wall_segment Stone Wall x2 |
| 10:10 | apoazz · wall_segment Stone Wall x41 |
| 10:35 | ARCH_l3 · wall_segment Stone Wall x58 |
| 10:40 | CrazyPanda · first_building Barracks |
| 11:09 | RangerDanger · first_building Castle |
| 11:52 | ARCH_l3 · first_building Siege Workshop |
| 12:06 | RangerDanger · wall_segment Stone Wall x13 |
| 12:32 | king vitt · wall_segment Stone Wall x25 |
| 12:36 | kızılelma · first_building Siege Workshop |
| 12:38 | apoazz · wall_segment Stone Wall x12 |
| 13:06 | kızılelma · wall_segment Stone Wall x2 |
| 13:24 | kızılelma · wall_segment Stone Wall x48 |
| 14:06 | RangerDanger · wall_segment Stone Wall x5 |
| 14:09 | CrazyPanda · wall_segment Stone Wall x39 |
| 14:15 | muendo · wall_segment Stone Wall x45 |
| 14:16 | RangerDanger · wall_segment Stone Wall x3 |
| 14:28 | apoazz · wall_segment Stone Wall x5 |
| 14:32 | apoazz · wall_segment Stone Wall x17 |
| 14:46 | CrazyPanda · wall_segment Stone Wall x40 |
| 14:59 | apoazz · first_building Archery Range |
| 15:06 | ARCH_l3 · wall_segment Stone Wall x65 |
| 15:08 | muendo · wall_segment Stone Wall x12 |
| 15:14 | muendo · wall_segment Stone Wall x48 |
| 15:19 | muendo · wall_segment Stone Wall x12 |
| 15:36 | king vitt · first_building Siege Workshop |
| 15:42 | ARCH_l3 · first_building Barracks |
| 15:45 | kızılelma · wall_segment Stone Wall x9 |
| 15:49 | apoazz · first_building Barracks |
| 15:52 | muendo · first_building Castle |
| 16:16 | kızılelma · wall_segment Stone Wall x37 |
| 16:49 | kızılelma · wall_segment Stone Wall x1 |
| 17:07 | Sunshine · first_building Siege Workshop |
| 17:50 | apoazz · wall_segment Stone Wall x12 |
| 17:57 | apoazz · wall_segment Stone Wall x4 |
| 18:04 | Sunshine · first_building Stable |
| 18:15 | king vitt · first_building Barracks |
| 18:52 | muendo · first_building Siege Workshop |
| 19:01 | CrazyPanda · first_building Siege Workshop |
| 19:12 | RangerDanger · wall_segment Stone Wall x23 |
| 19:31 | RangerDanger · wall_segment Stone Wall x18 |
| 20:11 | muendo · first_building Stable |
| 20:22 | kızılelma · wall_segment Stone Wall x21 |
| 20:26 | king vitt · wall_segment Stone Wall x40 |
| 20:31 | kızılelma · wall_segment Stone Wall x33 |
| 20:37 | kızılelma · wall_segment Stone Wall x47 |
| 20:39 | kızılelma · wall_segment Stone Wall x4 |
| 21:22 | ARCH_l3 · wall_segment Stone Wall x13 |
| 21:24 | muendo · wall_segment Stone Wall x54 |
| 21:42 | kızılelma · wall_segment Stone Wall x23 |
| 21:57 | ARCH_l3 · wall_segment Stone Wall x12 |
| 22:15 | RangerDanger · wall_segment Stone Wall x8 |
| 23:24 | apoazz · wall_segment Stone Wall x17 |
| 23:26 | RangerDanger · wall_segment Stone Wall x49 |
| 24:01 | Sunshine · wall_segment Stone Wall x37 |
| 24:35 | CrazyPanda · first_building Archery Range |
| 25:09 | CrazyPanda · first_building Stable |
| 27:11 | CrazyPanda · wall_segment Stone Wall x10 |
| 34:46 | muendo · tribute_sent a jugador 2 |
| 34:46 | muendo · tribute_sent a jugador 3 |
| 34:46 | muendo · tribute_sent a jugador 4 |
| 34:46 | muendo · tribute_sent a jugador 5 |
| 34:46 | muendo · tribute_sent a jugador 6 |
| 34:46 | muendo · tribute_sent a jugador 7 |
| 34:46 | muendo · tribute_sent a jugador 8 |
| 34:46 | Sunshine · tribute_sent a jugador 1 |
| 34:46 | Sunshine · tribute_sent a jugador 2 |
| 34:46 | Sunshine · tribute_sent a jugador 4 |
| 34:46 | Sunshine · tribute_sent a jugador 5 |
| 34:46 | Sunshine · tribute_sent a jugador 6 |
| 34:46 | Sunshine · tribute_sent a jugador 7 |
| 34:46 | Sunshine · tribute_sent a jugador 8 |
| 38:36 | apoazz · first_market_buy 500 stone |
| 43:51 | kızılelma · first_building Barracks |
| 45:27 | Sunshine · tribute_sent a jugador 1 |
| 45:27 | Sunshine · tribute_sent a jugador 2 |
| 45:27 | Sunshine · tribute_sent a jugador 4 |
| 45:27 | Sunshine · tribute_sent a jugador 5 |
| 45:27 | Sunshine · tribute_sent a jugador 6 |
| 45:27 | Sunshine · tribute_sent a jugador 7 |
| 45:27 | Sunshine · tribute_sent a jugador 8 |
| 45:31 | muendo · tribute_sent a jugador 2 |
| 45:31 | muendo · tribute_sent a jugador 3 |
| 45:31 | muendo · tribute_sent a jugador 4 |
| 45:31 | muendo · tribute_sent a jugador 5 |
| 45:31 | muendo · tribute_sent a jugador 6 |
| 45:31 | muendo · tribute_sent a jugador 7 |
| 45:31 | muendo · tribute_sent a jugador 8 |
| 61:04 | ARCH_l3 · wall_segment Stone Wall x4 |
| 68:00 | CrazyPanda · wall_segment Stone Wall x12 |
| 68:47 | Sunshine · tribute_sent a jugador 1 |
| 68:47 | Sunshine · tribute_sent a jugador 2 |
| 68:47 | Sunshine · tribute_sent a jugador 4 |
| 68:47 | Sunshine · tribute_sent a jugador 5 |
| 68:47 | Sunshine · tribute_sent a jugador 6 |
| 68:47 | Sunshine · tribute_sent a jugador 7 |
| 68:47 | Sunshine · tribute_sent a jugador 8 |
| 68:53 | Sunshine · tribute_sent a jugador 1 |
| 68:53 | Sunshine · tribute_sent a jugador 2 |
| 68:53 | Sunshine · tribute_sent a jugador 4 |
| 68:53 | Sunshine · tribute_sent a jugador 5 |
| 68:53 | Sunshine · tribute_sent a jugador 6 |
| 68:53 | Sunshine · tribute_sent a jugador 7 |
| 68:53 | Sunshine · tribute_sent a jugador 8 |
| 68:59 | apoazz · first_market_sell 500 food |
| 69:50 | muendo · tribute_sent a jugador 2 |
| 69:50 | muendo · tribute_sent a jugador 3 |
| 69:50 | muendo · tribute_sent a jugador 4 |
| 69:50 | muendo · tribute_sent a jugador 5 |
| 69:50 | muendo · tribute_sent a jugador 6 |
| 69:50 | muendo · tribute_sent a jugador 7 |
| 69:50 | muendo · tribute_sent a jugador 8 |
| 72:48 | CrazyPanda · first_market_buy 100 stone |
| 75:33 | kızılelma · tribute_sent a jugador 1 |
| 75:33 | kızılelma · tribute_sent a jugador 2 |
| 75:33 | kızılelma · tribute_sent a jugador 3 |
| 75:33 | kızılelma · tribute_sent a jugador 5 |
| 75:33 | kızılelma · tribute_sent a jugador 6 |
| 75:33 | kızılelma · tribute_sent a jugador 7 |
| 75:33 | kızılelma · tribute_sent a jugador 8 |
| 75:38 | ARCH_l3 · wall_segment Stone Wall x7 |
| 76:46 | kızılelma · resign |
[ AI ANALYSIS · 1 CREDIT ]
What really happened in this match?
Wolo.gg analyzes every decision: build order, eco, micro, common mistakes by bracket. Personalized analysis on WhatsApp or Discord in 30 seconds.
Civ guide
Saracens
Perfil
Jugador #594503